 Dungeon Crawl Stone Soup version 0.25.1-9-gc5326a611f (webtiles) character file.

Game seed: 17177444807407221600

49 Eitelfritz the Slasher (level 3, -4/30 HPs)
             Began as a Minotaur Gladiator on Jan 1, 2021.
             Killed by divine providence
             ... invoked by an orc priest
              (16 damage)
             ... on level 3 of the Dungeon.
             The game lasted 00:01:31 (718 turns).

Eitelfritz the Slasher (Minotaur Gladiator)          Turns: 718, Time: 00:01:31

Health: -4/30      AC:  5    Str: 18    XL:     3   Next: 51%
Magic:  2/2        EV: 12    Int:  6    God:
Gold:   59         SH:  0    Dex: 11    Spells: 2/2 levels left

rFire    . . .     SeeInvis .   a - +0 long sword
rCold    . . .     Gourm    .   (no shield)
rNeg     . . .     Faith    .   l - +0 ring mail
rPois    .         Spirit   .   c - +0 hat
rElec    .         Reflect  .   (no cloak)
rCorr    .         Harm     .   (no gloves)
MR       .....                  (no boots)
Stlth    +.........             (no amulet)
HPRegen  0.10/turn              (no ring)
MPRegen  0.08/turn              (no ring)

@: no status effects
A: retaliatory headbutt, horns 2
a: no special abilities


You were on level 3 of the Dungeon.
You were not hungry.

You visited 1 branch of the dungeon, and saw 3 of its levels.

You collected 59 gold pieces.

Inventory:

Hand Weapons
 a - a +0 long sword (weapon)
Missiles
 d - 3 throwing nets (quivered)
 n - 10 poisoned darts
Armour
 b - a +0 leather armour
 c - a +0 hat (worn)
 l - a +0 ring mail (worn)
Jewellery
 h - a cursed ring of teleportation {unknown}
Scrolls
 i - a scroll of amnesia {unknown}
 j - a scroll of enchant armour {unknown}
 p - a scroll of remove curse {unknown}
Potions
 e - a potion of stabbing {unknown}
 k - a potion of degeneration {unknown}
 m - a potion of curing {unknown}
 o - a potion of invisibility {unknown}
 q - a potion of might {unknown}
Comestibles
 f - a ration


   Skills:
 + Level 2.7 Fighting
 + Level 4.5 Long Blades
 + Level 2.1 Throwing
 + Level 0.5 Armour
 + Level 4.0 Dodging


You had 2 spell levels left.
You didn't know any spells.
Your spell library was empty.

Dungeon Overview and Level Annotations

Branches:
Dungeon (3/15)

Altars:

Annotations:
D:2 Sigmund


Innate Abilities, Weirdness & Mutations

You reflexively headbutt those who attack you in melee.
You have a pair of horns on your head.


Message History

Your headbutt misses the giant cockroach.
The orc misses you. The giant cockroach barely misses you.
You barely miss the giant cockroach. You headbutt the giant cockroach.
You kill the giant cockroach!
Your Dodging skill increases to level 4!
The orc hits you but does no damage. The orc barely misses you.
Things that are here:
a +0 ring mail; a +0 short sword; an orc corpse You barely miss the orc.
You headbutt the orc.
The orc is severely wounded.
The orc misses you.
You hit the orc.
You kill the orc!
You hit the orc priest. You headbutt the orc priest!
The orc priest is severely wounded.
The orc priest mumbles some strange prayers to Beogh against you.
Beogh smites you!
Ouch! That really hurt!
You die...

.. #.# .# #.# .#
#.# ....# .#.#
....o# ..#o#
.>#@# #.#.# #.#.#
#.#.#######
#######..........
>.........#######
######.### #.#
#.#


You could see an orc priest and an orc.

Vanquished Creatures
  An orc priest (D:3)
  2 orcs (D:3)
  2 giant cockroaches
  2 hobgoblins (D:1)
  2 jackals (D:1)
  3 kobolds (D:1)
  3 bats (D:1)
  A frilled lizard (D:1)
16 creatures vanquished.

Notes
Turn   | Place    | Note
-------+----------+-------------------------------------------
     0 | D:1      | Eitelfritz the Minotaur Gladiator began the quest for the
                  | Orb.
     0 | D:1      | Reached XP level 1. HP: 18/18 MP: 0/0
   292 | D:1      | Reached XP level 2. HP: 21/25 MP: 1/1
   605 | D:2      | Noticed Sigmund
   712 | D:3      | Reached XP level 3. HP: 27/30 MP: 2/2
   718 | D:3      | Killed from afar by an orc priest

Illustrated notes

Levels and vault maps discovered:
D:1:      minmay_arrival_stair_chambers, layout_basic
D:2:      minmay_diamond_boxcup, layout_loops_cross, makhleb_altar_promises_db,
          first_ration, minmay_misc_feat_tower, kennysheep_generic_room_7,
          uniq_crazy_yiuf_cottage, uniq_sigmund
D:3:      layout_basic, nicolae_overflow_hidden_temple, uniq_natasha

Skill      XL: |  1  2  3 |
---------------+----------+-----
Long Blades    | 4 |  4.5
Dodging        | 4 |  4.0
Fighting       | |  2.7
Throwing       | |  2.1
Armour         | |  0.5

Action                   || total
-------------------------++-------
Melee: Long sword        ||    31
       Headbutt          ||     4
Armor: Leather armour    ||     6
       Ring mail         ||     8
Dodge: Dodged            ||    23
       Rpst.: Long sword ||     4
